 Dungeon Crawl Stone Soup version 0.32-a0-981-g384da2ce10 (webtiles) character file.

Game seed: 3803613846374746645

3674 wilfster70 the Covert (level 9, -2/47 HPs)
             Began as a Spriggan Enchanter on Apr 20, 2024.
             Was a Believer of Okawaru.
             Slain by Joseph
             ... wielding a +0 quarterstaff
              (19 damage)
             ... on level 7 of the Dungeon.
             The game lasted 00:23:55 (7458 turns).

wilfster70 the Covert (Spriggan Enchanter)          Turns: 7458, Time: 00:23:55

Health: -2/47      AC:  1    Str:  4    XL:     9   Next: 89%
Magic:  14/19      EV: 16    Int: 20    God:    Okawaru [**....]
Gold:   293        SH:  0    Dex: 16    Spells: 10/20 levels left

rFire   . . .        a - +4 dagger
rCold   . . .        (no shield)
rNeg    . . .        w - +2 robe {Will+}
rPois   .            (helmet restricted)
rElec   .            p - +0 cloak
rCorr   .            (gloves unavailable)
SInv    +            (boots unavailable)
Will    +++..        (no amulet)
Stlth   ++++         k - ring of willpower
HPRegen 0.27/turn    (no ring)
MPRegen 0.16/turn

%: no passive effects
@: confusing by touch, corroded, very quick
A: very small, no large weapons, unfitting armour, see invisible, speed 3
a: Renounce Religion, Heroism


You were on level 7 of the Dungeon.
You worshipped Okawaru.
Okawaru was pleased with you.
You visited 2 branches of the dungeon, and saw 11 of its levels.
You also visited: Bailey.

You collected 317 gold pieces.
You spent 24 gold pieces at shops.

Inventory:

Hand Weapons
 a - a +4 dagger (weapon)
Armour
 p - a +0 cloak (worn)
 w - a +2 robe of willpower (worn)
Jewellery
 k - a ring of willpower (left hand)
Wands
 b - a wand of roots (13)
Scrolls
 d - 3 scrolls of fear
 f - 2 scrolls of teleportation
 g - a scroll of poison
 i - a scroll of butterflies {unknown}
 m - a scroll of immolation
 r - a scroll of brand weapon {unknown}
 u - 2 scrolls of enchant armour {unknown}
 x - a scroll of fog {unknown}
 y - a scroll of vulnerability
Potions
 c - 3 potions of invisibility
 e - a potion of cancellation
 h - 4 potions of curing
 j - 2 potions of heal wounds {unknown}
 l - a potion of degeneration {unknown}
 n - a potion of resistance
 o - 3 potions of berserk rage
 q - 3 potions of enlightenment
 s - 2 potions of mutation {unknown}
 t - a potion of attraction {unknown}
 v - 2 potions of brilliance {unknown}
 z - a potion of lignification {unknown}


   Skills:
 - Level 5.1 Fighting
 - Level 6.0 Short Blades
 - Level 2.6 Dodging
 - Level 8.0 Stealth
 - Level 6.0 Spellcasting
 - Level 8.0 Hexes
 * Level 5.0 Summonings
 + Level 4.2 Invocations


You had 10 spell levels left.
You knew the following spells:

 Your Spells              Type           Power      Damage    Failure   Level
a - Ensorcelled Hibernat  Hex/Ice        44%        N/A       3%          2
b - Confusing Touch       Hex            38%        N/A       1%          3
c - Summon Mana Viper     Hex/Summ       32%        N/A       21%         5

Your spell library contained the following spells:

 Spells                   Type           Power      Damage    Failure   Level
 Dazzling Flash           Conj/Hex       44%        N/A       6%          3
 Inner Flame              Hex/Fire       22%        N/A       6%          3
 Sublimation of Blood     Necr           6%         N/A       16%         2
 Flame Wave               Conj/Fire      6%         2d5       71%         4
 Sticky Flame             Fire/Alch      6%         2d4       71%         4
 Orb of Destruction       Conj           3%         9d5       100%        7
 Call Imp                 Summ           Unusable   N/A       N/A         2
 Tukima's Dance           Hex            Unusable   N/A       N/A         3
 Summon Ice Beast         Ice/Summ       Unusable   N/A       N/A         3
 Summon Blazeheart Golem  Fire/Summ      Unusable   N/A       N/A         4
 Monstrous Menagerie      Summ           Unusable   N/A       N/A         7
 Spellforged Servitor     Conj/Summ      Unusable   N/A       N/A         7
 Summon Hydra             Summ           Unusable   N/A       N/A         7

Dungeon Overview and Level Annotations

Branches:
Dungeon (10/15)            Temple (1/1) D:6            Lair (0/5) D:9
    Orc (0/2) D:9          Bailey (visited)

Altars:
Ashenzari
Cheibriados
Dithmenos
Fedhas
Hepliaklqana
Kikubaaqudgha
Makhleb
Nemelex Xobeh
Okawaru
Qazlal
Ru
Sif Muna
Trog
Uskayaw
Vehumet
Wu Jian
The Shining One

Shops:
D:1 (   D:3 ?

Annotations:
D:7 Joseph
D:10 Sonja


Innate Abilities, Weirdness & Mutations

You are very small and have problems with some larger weapons.
You are too small for most types of armour.
You have supernaturally acute eyesight. (SInv)
You cover ground extremely quickly. (Speed+++)


Message History

Found a stone staircase leading down.
You start resting.
Magic restored.
You start resting.
HP restored.
j - 2 fuming brown potions (gained 1)
An ice beast comes into view.
An ice beast is nearby!
The helpless ice beast fails to defend itself.
You stick the ice beast like a pincushion!!!
You kill the ice beast!
Okawaru accepts your kill.
Your Summonings skill increases to level 5!
Joseph, a Mercenary comes into view.
He is wielding a +0 quarterstaff and carrying a wand of acid.
Joseph unwields a +0 quarterstaff.
Joseph wields a +0 sling.
Joseph shoots a sling bullet.
The sling bullet hits you.
Okay, then.
Unknown command.
Unknown command.
Casting: Confusing Touch (safe; 1% risk of failure)
Confirm with . or Enter, or press ? or * to list all spells.
Aiming: Ensorcelled Hibernation (safe; 3% risk of failure)
Press: ? - help, Shift-Dir - straight line, f - Joseph
Aim: Joseph, wielding a +0 sling, wearing a +0 leather armour and carrying a wand of acid (chance to affect: 37%) Joseph looks drowsy...
The helpless Joseph fails to defend himself.
You skewer Joseph like a kebab!!!
Joseph is almost dead.
Joseph zaps a wand.
The bolt of acid hits you! The acid corrodes you!
Casting: Ensorcelled Hibernation (safe; 3% risk of failure)
Confirm with . or Enter, or press ? or * to list all spells.
Your hands begin to glow red.
Joseph unwields a +0 sling.
Joseph wields a +0 quarterstaff.
Joseph hits you with a +0 quarterstaff! Joseph closely misses you.
You hit Joseph but do no damage.
Joseph is almost dead.
You hit Joseph but do no damage.
Joseph is almost dead.
Joseph hits you with a +0 quarterstaff!!
You die...

*,,,,,* *,*,*,,,,**
*,*,*,* *,*,,,,,** #
*,,,,,* *,***,#,* #
**#,*** *,,,,,#.* #
#.* *****##'#* # ##.#*
##...## # #...####
##.....## # #....@.#
##.......## #
#....@.###.........###
##.......'.........'..
##....###.........###
##.#.# *#.......##
###.# ##.....## #.#
##...## ##.#######'##
#..........#
#..######..#


You could see Joseph.

Vanquished Creatures
  Maggie (D:7)
  Grinder (D:3)
  Prince Ribbit (D:7)
  A wyvern (D:10)
  4 yaks (D:8)
  A steam dragon (D:6)
  3 water moccasins
  An orc warrior (D:7)
  2 ice beasts
  A black bear (D:6)
  An ogre (D:4)
  2 centaurs
  3 phantoms
  A bullfrog (D:6)
  2 scorpions
  3 killer bees (D:8)
  3 hounds (D:5)
  A bombardier beetle (D:3)
  2 gnoll boudas (D:6)
  2 jellies
  Crazy Yiuf (D:3)
  3 iguanas
  2 orc wizards
  10 gnolls (D:6)
  9 adders
  A shadow imp (D:7)
  2 white imps
  3 dart slugs
  2 ribbon worms
  13 orcs
  4 bats
  3 endoplasms
  4 giant cockroaches
  8 goblins
  10 hobgoblins
  5 quokkas
  8 ball pythons
  3 frilled lizards
  3 kobolds
  4 rats
134 creatures vanquished.

Notes
Turn   | Place    | Note
-------+----------+-------------------------------------------
     0 | D:1      | wilfster70 the Spriggan Enchanter began the quest for the
                  | Orb.
     0 | D:1      | Reached XP level 1. HP: 9/9 MP: 5/5
   155 | D:1      | Found Zano's Weapon Shop.
   223 | D:1      | Reached XP level 2. HP: 13/13 MP: 6/6
   231 | D:1      | Learned a level 2 spell: Ensorcelled Hibernation
   836 | D:1      | Reached skill level 5 in Stealth
   906 | D:2      | Reached XP level 3. HP: 16/16 MP: 5/8
  1414 | D:3      | Reached skill level 5 in Hexes
  1414 | D:3      | Reached XP level 4. HP: 21/21 MP: 8/10
  1468 | D:3      | Found the +1 Delatra's gloves {ID++}
  1683 | D:3      | Noticed Grinder
  1819 | D:3      | Found Usiwoov's Magic Scroll Emporium.
  1823 | D:3      | Bought a scroll of identify for 24 gold pieces
  1893 | D:3      | Learned a level 3 spell: Confusing Touch
  2218 | D:3      | Found a runed translucent door.
  2219 | D:3      | Noticed Crazy Yiuf
  2237 | D:3      | Killed Crazy Yiuf
  2238 | D:3      | Reached XP level 5. HP: 24/24 MP: 5/12
  2590 | D:4      | Noticed an ogre
  2623 | D:4      | Killed an ogre
  2844 | D:4      | Reached XP level 6. HP: 28/28 MP: 13/13
  2990 | D:3      | Killed Grinder
  2991 | D:3      | Reached skill level 5 in Spellcasting
  3020 | D:3      | Learned a level 5 spell: Summon Mana Viper
  3094 | D:4      | Found a hide-covered altar of Uskayaw.
  3421 | D:4      | Reached XP level 7. HP: 32/32 MP: 15/15
  3473 | D:4      | Found a stormy altar of Qazlal.
  3657 | D:5      | Entered Level 5 of the Dungeon
  3937 | D:5      | Reached skill level 1 in Fighting
  4302 | D:5      | Found an ancient bone altar of Kikubaaqudgha.
  4311 | D:5      | Found a radiant altar of Vehumet.
  4330 | D:5      | Reached XP level 8. HP: 33/39 MP: 16/18
  5710 | D:6      | Found a staircase to the Ecumenical Temple.
  5730 | D:6      | Reached skill level 5 in Fighting
  5733 | Temple   | Entered the Ecumenical Temple
  5760 | Temple   | Became a worshipper of the Shining One
  5786 | Temple   | Fell from the grace of the Shining One
  5786 | Temple   | Became a worshipper of Warmaster Okawaru
  5997 | D:6      | Reached skill level 5 in Short Blades
  6114 | D:6      | Reached XP level 9. HP: 47/47 MP: 16/19
  6228 | D:6      | Reached skill level 1 in Summonings
  6321 | D:7      | Found a flagged portal.
  6340 | D:7      | Reached skill level 1 in Invocations
  6392 | Bailey   | Entered a bailey
  6676 | D:7      | You fall into a shaft and drop 3 floors!
  6676 | D:10     | Entered Level 10 of the Dungeon
  6677 | D:10     | Noticed Sonja
  6785 | D:9      | Found a hazy altar of Hepliaklqana.
  6785 | D:9      | Noticed a two-headed ogre
  6836 | D:8      | Reached * piety under Okawaru
  6971 | D:8      | Reached ** piety under Okawaru
  7113 | D:7      | Noticed Prince Ribbit
  7183 | D:7      | Killed Prince Ribbit
  7331 | D:7      | Noticed Maggie
  7351 | D:7      | Killed Maggie
  7419 | D:7      | Reached skill level 5 in Summonings
  7446 | D:7      | Noticed Joseph
  7458 | D:7      | Slain by Joseph

Illustrated notes

Levels and vault maps discovered:
D:1:      minmay_arrival_hallway, layout_basic, serial_shops,
          nicolae_shop_waterfront
D:2:      layout_basic
D:3:      layout_loops_cross, serial_shops,
          nicolae_shop_competitors_out_of_business, pf_guarded_unrand_delatra,
          uniq_grinder, uniq_crazy_yiuf_cottage
D:4:      layout_basic, nicolae_uskayaw_suspiria, mainiacjoe_overflow_alcove_1,
          minmay_misc_feat_enclosed, serial_park_tiny_pond
D:5:      minmay_angry_zag, layout_cave_pods,
          mainiacjoe_overflow_catwalk_spiral, dreamdust_princess_bridge,
          minmay_misc_feat_columns, nrook_pool_corridor,
          kb_lookout_dungeons_type
D:6:      black_bear_nest_2, layout_loops_ring, minmay_temple_entry_grid
D:7:      layout_loops_corners, enter_bailey_5, uniq_maggie,
          uniq_prince_ribbit1, uniq_joseph
D:8:      layout_basic, yredelemnul_altar_generic
D:9:      layout_long_grid, chequers_temple_overflow_statue_of_worship,
          mainiacjoe_overflow_boulevard, lair_entry_dummy, orc_0_dummy,
          uniq_gastronok, uniq_jeremiah
D:10:     layout_gridville, mainiacjoe_overflow_divided_tiny,
          guppyfry_shop_venom, uniq_sonja
Temple:   nicolae_temple_ecumenical_triangle

Skill      XL: |  1  2  3  4  5  6  7  8  9 |
---------------+----------------------------+-----
Hexes          | 4 5 6 7 8 |  8.0
Spellcasting   | 3 4 5 6 |  6.0
Stealth        | 5 6 7 8 |  8.0
Fighting       | 2 5 |  5.1
Short Blades   | 2 5 6 |  6.0
Summonings     | 5 |  5.0
Invocations    | 4 |  4.2
Dodging        | |  2.6

Action                     |  1- 3 |  4- 6 |  7- 9 || total
---------------------------+-------+-------+-------++-------
  Melee: Dagger            |    53 |    67 |   169 ||   289
   Cast: Ensorcelled Hiber |    17 |    29 |    80 ||   126
         Confusing Touch   |       |     1 |    10 ||    11
    Use: Scroll            |     2 |     3 |     8 ||    13
   Stab: Sleeping          |    23 |    19 |    57 ||    99
         Confused          |       |     3 |     9 ||    12
 Armour: Robe              |    11 |    17 |    70 ||    98
  Dodge: Dodged            |    38 |    52 |   132 ||   222

Table legend: (Time is in decaauts)
 A = Elapsed time spent in this place.
 B = Non-inter-level travel time spent in this place.
 C = Inter-level travel time spent in this place.
 D = Time resting spent in this place.
 E = Time spent auto-exploring this place.
 F = Levels seen in this place.
 G = Mean time per level.
                   A        B        C        D        E       F      G
               +--------+--------+--------+--------+--------+-----+--------+
         Total |   5429 |   5260 |    169 |   1348 |   1963 |  12 |  452.4 |
       Dungeon |   5384 |   5215 |    169 |   1348 |   1963 |  10 |  538.4 |
        Temple |     39 |     39 |      0 |      0 |      0 |   1 |   39.0 |
        Bailey |      5 |      5 |      0 |      0 |      0 |   1 |    5.0 |
               +--------+--------+--------+--------+--------+-----+--------+

Top non-repeatable levels by time:
     D:5: 982 daAuts
     D:3: 910 daAuts
     D:4: 909 daAuts
     D:6: 645 daAuts
     D:7: 585 daAuts
     D:1: 580 daAuts
     D:2: 501 daAuts
     D:8: 170 daAuts
    D:10: 67 daAuts
  Temple: 39 daAuts
     D:9: 32 daAuts
  Bailey: 5 daAuts
